APP
SAN DIEGO (APP) PADRES @ OGDEN RAPTORS
10/28/2047
 
TOP OF THE 1ST
Peoria Chiefs batting - Pitching for Hartford Yard Goats : LHP Aapo Talonen
Pitching: LHP Aapo Talonen
Batting: RHB John Parra 0-0: Ball
1-0: Foul Ball, location: 2F
1-1: Called Strike
1-2: Foul Ball, location: 2F
1-2: Strikes out swinging
Batting: RHB Bryan Wheeler 0-0: Ball
1-0: Called Strike
1-1: Swinging Strike
1-2: Ball
2-2: Foul Ball, location: 2F
2-2: Ball
3-2: Base on Balls
Batting: RHB Josh Lyon 0-0: Called Strike
0-1: SINGLE (Groundball, 56D, EV 96.9 MPH)
Bryan Wheeler to second
Batting: RHB Jorge Benites 0-0: Called Strike
0-1: Ball
1-1: Foul Ball, location: 2F
1-2: Ball
2-2: Ball
3-2: Strikes out swinging
Batting: SHB Josh Conner 0-0: Called Strike
0-1: Foul Ball, location: 2F
0-2: Ball
1-2: Ball
Wild Pitch!
Bryan Wheeler to third
Josh Lyon to second
2-2: Foul Ball, location: 2F
2-2: Foul Ball, location: 2F
2-2: Strikes out swinging
Top of the 1st over - 0 runs, 1 hit, 0 errors, 2 left on base; Peoria 0 - Hartford 0
BOTTOM OF THE 1ST
Hartford Yard Goats batting - Pitching for Peoria Chiefs : RHP Eli Hernandez
Pitching: RHP Eli Hernandez
Batting: RHB Dwane Reed 0-0: Ball
1-0: Ball
2-0: DOUBLE (Groundball, 5L, EV 105.6 MPH)
Batting: SHB Chris Haugen 0-0: SINGLE (Line Drive, 89S, EV 93.8 MPH)
Dwane Reed to third
Batting: LHB Jeremy Brammer 0-0: Ball
1-0: Ball
Passed Ball!
Dwane Reed scores
Chris Haugen to second
2-0: Fly out, F8 (Flyball, 8LM, EV 81.2 MPH)
Runner from 2nd tags up, SAFE at 3rd with throw by CF
Batting: LHB Josh Downs 0-0: Called Strike
0-1: Ball
1-1: Ball
2-1: Foul Ball, location: 2F
2-2: Fly out, F1 (Line Drive, P, EV 67.5 MPH)
Batting: RHB Longfellow Wetzler 0-0: Ball
1-0: Swinging Strike
1-1: Foul Ball, location: 2F
1-2: Strikes out swinging
Bottom of the 1st over - 1 run, 2 hits, 0 errors, 1 left on base; Peoria 0 - Hartford 1
TOP OF THE 2ND
Peoria Chiefs batting - Pitching for Hartford Yard Goats : LHP Aapo Talonen
Batting: LHB Tim Olsen 0-0: Called Strike
0-1: Foul Ball, location: 2F
0-2: Ball
1-2: Ball
2-2: Ball
3-2: Strikes out looking
Batting: RHB Trevor Smith 0-0: Swinging Strike
0-1: Ball
1-1: Called Strike
1-2: Ball
2-2: Ball
3-2: Base on Balls
Batting: LHB Jay Fenderson 0-0: Ball
1-0: Swinging Strike
1-1: Ball
2-1: Ball
3-1: Called Strike
3-2: Strikes out looking
Batting: SHB Juan Luna 0-0: Ball
1-0: Called Strike
1-1: Foul Ball, location: 2F
1-2: Foul Ball, location: 2F
1-2: Strikes out looking
Top of the 2nd over - 0 runs, 0 hits, 0 errors, 1 left on base; Peoria 0 - Hartford 1
BOTTOM OF THE 2ND
Hartford Yard Goats batting - Pitching for Peoria Chiefs : RHP Eli Hernandez
Batting: SHB Pete Perla 0-0: Ball
1-0: Ball
2-0: Called Strike
2-1: Ball
3-1: SINGLE (Groundball, 6MD, EV 97.5 MPH)
Batting: RHB Justin Williams 0-0: Ball
1-0: Ball
2-0: Foul Ball, location: 2F
2-1: Ball
3-1: Called Strike
3-2: Base on Balls
Pete Perla to second
Batting: RHB Eric Garrett 0-0: Called Strike
0-1: Fielders Choice at 2nd, 6-4 (Groundball, 6, EV 85.0 MPH)
Pete Perla to third
Batting: RHB Eduardo Camacho 0-0: Called Strike
0-1: TRIPLE (Flyball, 9D, EV 102.5 MPH)
Pete Perla scores
Eric Garrett scores
Batting: RHB Dwane Reed 0-0: Ball
1-0: Ball
2-0: Ball
3-0: Base on Balls
Batting: SHB Chris Haugen 0-0: Called Strike
0-1: Fielders Choice at 2nd, 3-6 (Groundball, 3, EV 88.1 MPH)
Eduardo Camacho scores
Batting: LHB Jeremy Brammer 0-0: Called Strike
0-1: Ball
1-1: Called Strike
1-2: Strikes out looking
Bottom of the 2nd over - 3 runs, 2 hits, 0 errors, 1 left on base; Peoria 0 - Hartford 4
TOP OF THE 3RD
Peoria Chiefs batting - Pitching for Hartford Yard Goats : LHP Aapo Talonen
Batting: RHB John Parra 0-0: Ball
1-0: Foul Ball, location: 2F
1-1: Swinging Strike
1-2: Foul Ball, location: 2F
1-2: Foul Ball, location: 2F
1-2: Hit by Pitch
Batting: RHB Bryan Wheeler 0-0: Ball
1-0: Ball
2-0: Foul Ball, location: 2F
2-1: Foul Ball, location: 2F
2-2: Ball
John Parra steals 2nd, throwing error, E2
John Parra to third
3-2: Foul Ball, location: 2F
3-2: Foul Ball, location: 2F
3-2: Base on Balls
Batting: RHB Josh Lyon 0-0: Called Strike
0-1: Foul Ball, location: 2F
0-2: Ball
1-2: Ball
2-2: Foul Ball, location: 2F
2-2: Ball
3-2: Foul Ball, location: 2F
3-2: Fly out, F3 (Popup, 34S, EV 73.1 MPH)
Batting: RHB Jorge Benites 0-0: Ball
1-0: Swinging Strike
1-1: Ball
2-1: Foul Ball, location: 2F
2-2: Ball
3-2: Foul Ball, location: 2F
3-2: Fly out, F4 (Flyball, 34D, EV 90.0 MPH)
Batting: SHB Josh Conner 0-0: Ball
1-0: Called Strike
1-1: Called Strike
1-2: SINGLE (Groundball, 56D, EV 101.9 MPH)
John Parra scores
Bryan Wheeler to second
Batting: LHB Tim Olsen 0-0: Ball
1-0: Ball
2-0: Called Strike
2-1: Called Strike
2-2: Foul Ball, location: 2F
2-2: Ground out 4-3 (Groundball, 4, EV 82.5 MPH)
Top of the 3rd over - 1 run, 1 hit, 1 error, 2 left on base; Peoria 1 - Hartford 4
BOTTOM OF THE 3RD
Hartford Yard Goats batting - Pitching for Peoria Chiefs : RHP Eli Hernandez
Batting: LHB Josh Downs 0-0: Ball
1-0: Called Strike
1-1: Swinging Strike
1-2: Strikes out swinging
Batting: RHB Longfellow Wetzler 0-0: Called Strike
0-1: Foul Ball, location: 2F
0-2: SINGLE (Groundball, 13S, EV 69.4 MPH) (infield hit)
Batting: SHB Pete Perla 0-0: Ball
1-0: Fly out, F7 (Line Drive, 7, EV 108.8 MPH)
Batting: RHB Justin Williams 0-0: Ball
Wild Pitch!
Longfellow Wetzler to second
1-0: Ball
2-0: Ball
3-0: Base on Balls
Batting: RHB Eric Garrett 0-0: Ball
1-0: Ball
2-0: Called Strike
2-1: Ball
3-1: Base on Balls
Longfellow Wetzler to third
Justin Williams to second
Batting: RHB Eduardo Camacho 0-0: Ball
1-0: DOUBLE (Line Drive, 7LM, EV 106.2 MPH)
Longfellow Wetzler scores
Justin Williams scores
Eric Garrett to third
Runner from 3rd tries for Home, throw by LF and OUT! 7-6-2
Bottom of the 3rd over - 2 runs, 2 hits, 0 errors, 1 left on base; Peoria 1 - Hartford 6
TOP OF THE 4TH
Peoria Chiefs batting - Pitching for Hartford Yard Goats : LHP Aapo Talonen
Pitching: RHP Darwin Nunez
Batting: RHB Trevor Smith 0-0: Ball
1-0: Foul Ball, location: 2F
1-1: Called Strike
1-2: Ball
2-2: Ball
3-2: Base on Balls
Batting: LHB Jay Fenderson 0-0: Ball
1-0: Called Strike
1-1: Called Strike
1-2: Ball
2-2: Ball
3-2: Fielders Choice at 2nd, 3-6 (Groundball, 3, EV 84.4 MPH)
Batting: SHB Juan Luna 0-0: Ball
1-0: Called Strike
1-1: Foul Ball, location: 2F
1-2: Fly out, F7 (Line Drive, 7LM, EV 101.9 MPH)
Batting: RHB John Parra 0-0: Ball
Jay Fenderson steals 2nd base (no throw)
1-0: Swinging Strike
1-1: Ball
2-1: SINGLE (Groundball, 6MD, EV 102.5 MPH)
Jay Fenderson to third
Runner from 3rd tries for Home, SAFE, throw by CF to home
John Parra to second
Batting: RHB Bryan Wheeler 0-0: Ball
1-0: Foul Ball, location: 2F
1-1: Called Strike
1-2: Fly out, F9 (Line Drive, 9D, EV 88.1 MPH)
Top of the 4th over - 1 run, 1 hit, 0 errors, 1 left on base; Peoria 2 - Hartford 6
BOTTOM OF THE 4TH
Hartford Yard Goats batting - Pitching for Peoria Chiefs : RHP Eli Hernandez
Pitching: RHP Justin Adamson
Batting: RHB Dwane Reed 0-0: Called Strike
0-1: Ball
1-1: Called Strike
1-2: Ground out 5-3 (Groundball, 56S, EV 91.9 MPH)
Batting: SHB Chris Haugen 0-0: Called Strike
0-1: Called Strike
0-2: Ball
1-2: Ball
2-2: Ball
3-2: Ground out 4-3 (Groundball, 4M, EV 98.1 MPH)
Batting: LHB Jeremy Brammer 0-0: DOUBLE (Line Drive, 9LS, EV 105.6 MPH)
Batting: LHB Josh Downs 0-0: Called Strike
0-1: Called Strike
0-2: Foul Ball, location: 2F
0-2: Strikes out swinging
Bottom of the 4th over - 0 runs, 1 hit, 0 errors, 1 left on base; Peoria 2 - Hartford 6
TOP OF THE 5TH
Peoria Chiefs batting - Pitching for Hartford Yard Goats : RHP Darwin Nunez
Batting: RHB Josh Lyon 0-0: Ground out U3 (Groundball, 3S, EV 64.4 MPH)
Batting: RHB Jorge Benites 0-0: Ball
1-0: Ball
2-0: Fly out, F8 (Flyball, 8RD, EV 94.4 MPH)
Batting: SHB Josh Conner 0-0: Called Strike
0-1: Swinging Strike
0-2: Ball
1-2: DOUBLE (Line Drive, 89D, EV 106.9 MPH)
Pitching: RHP Gavin Cahill
Batting: LHB Tim Olsen 0-0: Ball
1-0: Called Strike
1-1: Ball
2-1: Ground out 4-3 (Groundball, 4S, EV 68.8 MPH)
Top of the 5th over - 0 runs, 1 hit, 0 errors, 1 left on base; Peoria 2 - Hartford 6
BOTTOM OF THE 5TH
Hartford Yard Goats batting - Pitching for Peoria Chiefs : RHP Justin Adamson
Batting: RHB Longfellow Wetzler 0-0: Ball
1-0: Ball
2-0: Called Strike
2-1: Foul Ball, location: 2F
2-2: Strikes out swinging
Batting: SHB Pete Perla 0-0: Called Strike
0-1: Swinging Strike
0-2: Ground out 5-3 (Groundball, 5, EV 101.2 MPH)
Batting: RHB Justin Williams 0-0: Foul Ball, location: 2F
0-1: Swinging Strike
0-2: Ball
1-2: Strikes out swinging
Bottom of the 5th over - 0 runs, 0 hits, 0 errors, 0 left on base; Peoria 2 - Hartford 6
TOP OF THE 6TH
Peoria Chiefs batting - Pitching for Hartford Yard Goats : RHP Gavin Cahill
Batting: RHB Trevor Smith 0-0: Foul Ball, location: 2F
0-1: Fly out, F2 (Popup, 2R, EV 91.9 MPH)
Batting: LHB Jay Fenderson 0-0: Ball
1-0: Swinging Strike
1-1: Swinging Strike
1-2: Strikes out swinging
Batting: SHB Juan Luna 0-0: Ground out 6-3 (Groundball, 6, EV 86.2 MPH)
Top of the 6th over - 0 runs, 0 hits, 0 errors, 0 left on base; Peoria 2 - Hartford 6
BOTTOM OF THE 6TH
Hartford Yard Goats batting - Pitching for Peoria Chiefs : RHP Justin Adamson
Batting: RHB Eric Garrett 0-0: Ball
1-0: Ball
2-0: Called Strike
2-1: Ball
3-1: Base on Balls
Batting: RHB Eduardo Camacho 0-0: Ball
1-0: Ball
Eric Garrett steals 2nd base
2-0: Ball
3-0: Called Strike
3-1: TRIPLE (Flyball, 8RXD, EV 91.2 MPH)
Eric Garrett scores
Batting: RHB Dwane Reed 0-0: Ball
1-0: Fly out, F8 (Flyball, 78XD, EV 81.2 MPH)
Runner from 3rd tags up, SCORES, no throw by CF
Batting: SHB Chris Haugen 0-0: Ball
1-0: Ball
2-0: Ball
3-0: Called Strike
3-1: Base on Balls
Pitching: RHP Tristan Johnson
Batting: LHB Jeremy Brammer 0-0: Ball
Passed Ball!
Chris Haugen to second
1-0: Called Strike
1-1: Foul Ball, location: 2F
1-2: Foul Ball, location: 2F
1-2: Ground out 1-3 (Groundball, 13S, EV 71.2 MPH)
Chris Haugen to third
Batting: LHB Josh Downs 0-0: Called Strike
0-1: Fly out, F7 (Flyball, 78S, EV 88.8 MPH)
Bottom of the 6th over - 2 runs, 1 hit, 0 errors, 1 left on base; Peoria 2 - Hartford 8
TOP OF THE 7TH
Peoria Chiefs batting - Pitching for Hartford Yard Goats : RHP Gavin Cahill
Batting: RHB John Parra 0-0: Ball
1-0: Fly out, F7 (Flyball, 7LD, EV 80.6 MPH)
Batting: RHB Bryan Wheeler 0-0: Fly out, F3 (Popup, 34S, EV 86.9 MPH)
Batting: RHB Josh Lyon 0-0: Ball
1-0: SINGLE (Line Drive, 9S, EV 111.2 MPH)
Batting: RHB Jorge Benites 0-0: Called Strike
0-1: DOUBLE (Line Drive, 3D, EV 106.9 MPH)
Josh Lyon to third
Batting: SHB Josh Conner 0-0: Called Strike
0-1: Ball
1-1: Ball
2-1: Foul Ball, location: 2F
2-2: Ball
3-2: Base on Balls
Batting: LHB Tim Olsen 0-0: Foul Ball, location: 2F
0-1: Ball
1-1: Fly out, F8 (Flyball, 8RD, EV 98.1 MPH)
Top of the 7th over - 0 runs, 2 hits, 0 errors, 3 left on base; Peoria 2 - Hartford 8
BOTTOM OF THE 7TH
Hartford Yard Goats batting - Pitching for Peoria Chiefs : RHP Tristan Johnson
Batting: RHB Longfellow Wetzler 0-0: Ball
1-0: Foul Ball, location: 2F
1-1: Ball
2-1: Foul Ball, location: 2F
2-2: Strikes out swinging
Batting: SHB Pete Perla 0-0: Foul Ball, location: 2F
0-1: Ball
1-1: Ball
2-1: Ball
3-1: Called Strike
3-2: Foul Ball, location: 2F
3-2: Foul Ball, location: 2F
3-2: Foul Ball, location: 2F
3-2: Fly out, F7 (Flyball, 7S, EV 93.8 MPH)
Batting: RHB Justin Williams 0-0: Ball
1-0: Called Strike
1-1: Swinging Strike
1-2: Fly out, F9 (Flyball, 89M, EV 78.8 MPH)
Bottom of the 7th over - 0 runs, 0 hits, 0 errors, 0 left on base; Peoria 2 - Hartford 8
TOP OF THE 8TH
Peoria Chiefs batting - Pitching for Hartford Yard Goats : RHP Gavin Cahill
Batting: RHB Trevor Smith 0-0: Called Strike
0-1: Called Strike
0-2: Strikes out swinging
Batting: LHB Jay Fenderson 0-0: Ball
1-0: Ball
2-0: Called Strike
2-1: Foul Ball, location: 2F
2-2: Ball
3-2: Strikes out looking
Batting: SHB Juan Luna 0-0: Ball
1-0: Foul Ball, location: 2F
1-1: Foul Ball, location: 2F
1-2: Strikes out swinging
Top of the 8th over - 0 runs, 0 hits, 0 errors, 0 left on base; Peoria 2 - Hartford 8
BOTTOM OF THE 8TH
Hartford Yard Goats batting - Pitching for Peoria Chiefs : RHP Tristan Johnson
Batting: RHB Eric Garrett 0-0: Ball
1-0: Ball
2-0: Reached on error, E4 (Groundball, 34, EV 104.4 MPH)
Batting: RHB Eduardo Camacho 0-0: Ball
1-0: Ball
Wild Pitch!
Eric Garrett to second
2-0: Fly out, F8 (Line Drive, 8RM, EV 93.8 MPH)
Batting: RHB Dwane Reed 0-0: Called Strike
0-1: Ball
1-1: Called Strike
1-2: Ball
2-2: Foul Ball, location: 2F
2-2: Foul Ball, location: 2F
2-2: Foul Ball, location: 2F
2-2: Ground out 6-3 (Groundball, 6, EV 107.5 MPH)
Batting: SHB Chris Haugen 0-0: Ball
1-0: Called Strike
1-1: Foul Ball, location: 2F
1-2: Ball
2-2: Ball
3-2: Base on Balls
Batting: LHB Jeremy Brammer 0-0: SINGLE (Groundball, 25, EV 69.4 MPH) (infield hit)
Eric Garrett to third
Chris Haugen to second
Batting: LHB Josh Downs 0-0: Called Strike
0-1: Foul Ball, location: 2F
0-2: GRAND SLAM HOME RUN (Flyball, 9D, EV 95.0 MPH), Distance : 365 ft
Pitching: RHP Joe Cornell
Batting: RHB Longfellow Wetzler 0-0: Called Strike
0-1: Ground out U3 (Groundball, 34, EV 85.6 MPH)
Bottom of the 8th over - 4 runs, 2 hits, 1 error, 0 left on base; Peoria 2 - Hartford 12
TOP OF THE 9TH
Peoria Chiefs batting - Pitching for Hartford Yard Goats : RHP Gavin Cahill
Pitching: LHP Nick Suggett
Batting: RHB John Parra 0-0: Ball
1-0: Ball
2-0: Foul Ball, location: 2F
2-1: Ball
3-1: Foul Ball, location: 2F
3-2: DOUBLE (Line Drive, 3D, EV 96.9 MPH)
Batting: RHB Bryan Wheeler 0-0: Ball
1-0: Swinging Strike
1-1: Fly out, F9 (Line Drive, 9S, EV 102.5 MPH)
Batting: RHB Josh Lyon 0-0: Ball
1-0: Called Strike
1-1: Swinging Strike
1-2: Ball
2-2: Foul Ball, location: 2F
2-2: Foul Ball, location: 2F
2-2: Strikes out swinging, 2-3 out at first.
Batting: RHB Jorge Benites 0-0: Called Strike
0-1: Foul Ball, location: 2F
0-2: Foul Ball, location: 2F
0-2: Ball
1-2: Strikes out swinging
Top of the 9th over - 0 runs, 1 hit, 0 errors, 1 left on base; Peoria 2 - Hartford 12
Thursday, December 15th , 2022 - OOTP Baseball 23.9 Build 102